 Seeded DCSS version 0.29.1-13-g9f3cf754e1 (webtiles) character file.

Game seed: 18000177982333678619 (custom seed)

44578 retardedninja the Warrior (level 13, -29/198 HPs)
             Began as a Minotaur Fighter on Jan 24, 2023.
             Was an Initiate of Gozag.
             Killed from afar by a rime drake (35 damage)
             ... with a flash freeze
             ... on level 5 of the Lair of Beasts.
             The game lasted 00:22:32 (20134 turns).

retardedninja the Warrior (Minotaur Fighter)       Turns: 20134, Time: 00:22:33

Health: -29/198    AC: 27    Str: 27    XL:     13   Next: 97%
Magic:  22/22      EV:  8    Int: 10    God:    Gozag
Gold:   3175       SH:  0    Dex:  9    Spells: 12/12 levels left

rFire   + . .      SeeInvis .   q - +12 glaive of Prune {vorpal}
rCold   . . .      Faith    .   (shield currently unavailable)
rNeg    . . .      Spirit   .   u - +3 plate armour
rPois   .          Reflect  .   s - +3 hat of Pondering {ponderous, Will+ MP+10 Int+5}
rElec   .          Harm     .   w - +2 cloak {Will+}
rCorr   .          Rampage  .   (no gloves)
Will    ++...                   (no boots)
Stlth   ..........              (no amulet)
HPRegen 0.43/turn               g - ring of protection from fire
MPRegen 0.18/turn               H - ring of flight

@: mighty, brilliant, berserking, gold aura, flying, hasted, very quick
A: horns 2, retaliatory headbutt
a: Renounce Religion, Potion Petition, Call Merchant, Bribe Branch


You were on level 5 of the Lair of Beasts.
You worshipped Gozag.
Gozag was most pleased with you.
You visited 3 branches of the dungeon, and saw 18 of its levels.
You also visited: Volcano.

You collected 3968 gold pieces.
You spent 254 gold pieces at shops.
You paid 539 gold pieces to Gozag.

Inventory:

Hand Weapons
 q - the +12 glaive of Prune (weapon) {vorpal}
   (You found it on level 3 of the Dungeon)

   It inflicts extra damage upon your enemies.
   It halves damage taken while paralysed, petrified or unconscious.
Missiles
 c - 5 throwing nets (quivered)
Armour
 f - the +2 cloak of the Thief {*Fog Slay-2 SInv Stlth+}
   (You found it in a volcano)

   It may release a thick cloud of smoke when the wearer is hurt.
   Slay:      It affects your accuracy & damage with ranged weapons and melee
   (-2).
   SInv:      It lets you see invisible.
   Stlth:     It makes you more stealthy.
 i - +0 fire dragon scales
 s - the +3 hat of Pondering (worn) {ponderous, Will+ MP+10 Int+5}
   (You took it off Gastronok on level 8 of the Dungeon)

   Int:       It affects your intelligence (+5).
   MP:        It affects your magic capacity (+10).
   Will:      It increases your willpower.
 u - a +3 plate armour (worn)
 w - a +2 cloak of willpower (worn)
Jewellery
 g - a ring of protection from fire (left hand)
 D - a +6 ring of intelligence
 H - a ring of flight (right hand)
Wands
 a - a wand of iceblast (20)
 h - a wand of paralysis (17)
 r - a wand of flame (41)
 v - a wand of polymorph (13)
 y - a wand of acid (17)
 I - a wand of mindburst (8)
Scrolls
 e - 4 scrolls of torment
 l - 3 scrolls of butterflies
 n - 4 scrolls of amnesia
 t - 2 scrolls of identify
 x - 2 scrolls of fear
 C - 7 scrolls of teleportation
 E - a scroll of blinking
Potions
 b - 2 potions of attraction
 d - a potion of might
 j - 4 potions of curing
 k - 2 potions of resistance {unknown}
 m - 4 potions of lignification
 o - 7 potions of brilliance
 p - a potion of heal wounds
 z - 4 potions of magic
 B - a potion of invisibility {unknown}
 G - a potion of mutation


   Skills:
 + Level 17.0 Fighting
 + Level 16.8 Polearms
 + Level 17.0 Armour
 - Level 4.1 Shields


You had 12 spell levels left.
You didn't know any spells.
Your spell library contained the following spells:

 Spells                   Type           Power      Damage    Failure   Level
 Ensorcelled Hibernation  Hex/Ice        0%         N/A       97%         2
 Poisonous Vapours        Pois/Air       0%         N/A       97%         2
 Scorch                   Fire           0%         2d5       97%         2
 Gell's Gravitas          Tloc           0%         N/A       99%         3
 Spider Form              Tmut/Pois      0%         N/A       99%         3
 Stone Arrow              Conj/Erth      0%         3d7       99%         3
 Teleport Other           Tloc           0%         N/A       99%         3
 Anguish                  Hex/Necr       0%         N/A       100%        4
 Animate Armour           Summ/Erth      0%         N/A       100%        4
 Petrify                  Tmut/Erth      0%         N/A       100%        4
 Alistair's Intoxication  Tmut/Pois      0%         N/A       100%        5
 Metabolic Englaciation   Hex/Ice        0%         N/A       100%        5
 Dispersal                Tloc           0%         N/A       100%        6
 Statue Form              Tmut/Erth      0%         N/A       100%        6
 Ignition                 Fire           0%         3d3       100%        8
 Lehudib's Crystal Spear  Conj/Erth      0%         10d2      100%        8
 Corpse Rot               Necr/Pois/Air  Unusable   N/A       N/A         4

Dungeon Overview and Level Annotations

Branches:
Dungeon (12/15)            Temple (1/1) D:7            Lair (5/5) D:9
 Shoals (0/4) Lair:3        Snake (0/4) Lair:3          Orc (0/2) D:10
Volcano (visited)
  Slime: Lair:4-5

Altars:
Ashenzari
Cheibriados
Dithmenos
Elyvilon
Fedhas
Gozag
Hepliaklqana
Kikubaaqudgha
Makhleb
Nemelex Xobeh
Okawaru
Qazlal
Ru
Sif Muna
Trog
Uskayaw
Vehumet
Wu Jian
Xom
Yredelemnul
Zin
The Shining One

Shops:
D:9 ?

Annotations:
D:5 3 runed translucent doors, mikeweasel's ghost, novice DrFE
D:12 Rupert


Innate Abilities, Weirdness & Mutations

You have a pair of horns on your head.
You reflexively headbutt those who attack you in melee.


Message History

* * * LOW HITPOINT WARNING * * *
The nine-headed hydra bites you but does no damage.
The nine-headed hydra barely misses you.
You lop one of the nine-headed hydra's heads off!
The eight-headed hydra grows two more!
You slice the ten-headed hydra!!
You kill the ten-headed hydra!
The rime drake breathes ice at you. The flash freeze hits you!
* * * LOW HITPOINT WARNING * * *
You are encased in ice.
The cane toad is no longer distracted by gold.
The dream sheep closely misses you. The dream sheep bites you.
* * * LOW HITPOINT WARNING * * *
The rime drake closely misses you.
You see here 14 gold pieces.
Unknown command.
Unknown command.
You slice the rime drake!!
The rime drake is severely wounded.
The dream sheep is no longer distracted by gold.
The cane toad stings you but does no damage.
The dream sheep is distracted by your dazzling golden aura.
The elephant tramples you!
* * * LOW HITPOINT WARNING * * *
You are shoved backwards!
The dream sheep bites you.
* * * LOW HITPOINT WARNING * * *
The rime drake bites you but does no damage.
The dream sheep bleats!
Unknown command.
The rime drake is distracted by your dazzling golden aura.
The dream sheep attacks as you move away!
The dream sheep bites you but does no damage.
You feel a strong urge to attack something.
The ice encasing you melts away.
The dream sheep is no longer distracted by gold.
The rime drake is no longer distracted by gold.
The rime drake breathes ice at you. The flash freeze hits you!!
You die...
Your body crumbles into a pile of gold.

$ . .. #.....# #.... ...
#.....## ......
...##......# .......
...........###.#........
........................
....#...... ..##........
.....P...## #..........
.......@..## ##P........
........Y..# #..........
.......Yk.####..........
.......YFY....#.........
........$$........#..##.
$
..........#...##.###.P##
........####.#.### ####
#......## ##### ####...


You could see an elephant, a cane toad, a rime drake (catching breath) and 3
dream sheep.

Vanquished Creatures
  Gastronok (D:8)
  A fire dragon (Volcano)
  Harold (Lair:1)
  2 two-headed ogres
  3 hydras
  The ghost of retardedninja the Destroyer, a journeyman DrCj of Vehumet (Lair:2)
  A boulder beetle (D:11)
  A catoblepas (D:11)
  A death knight (D:11)
  Sonja (Lair:1)
  5 sun demons (Volcano)
  Pikel (D:9)
  2 oklob plants (Lair:1)
  Joseph (D:9)
  A cyclops (D:11)
  7 elephants
  6 black mambas
  A manticore (D:11)
  Maurice (D:9)
  5 smoke demons (Volcano)
  6 cane toads
  A rime drake (Lair:4)
  2 komodo dragons
  A kobold demonologist (D:10)
  4 polar bears
  3 trolls
  6 slime creatures (D:12)
  Grinder (D:5)
  5 blink frogs (Lair:1)
  2 dream sheep (Lair:5)
  Sigmund (D:6)
  2 vampires (D:11)
  3 shadows
  42 yaks
  3 wraiths
  5 wyverns
  Grum (D:9)
  A redback (D:11)
  Menkaure (D:6)
  4 basilisks
  5 steam dragons
  2 wargs (D:10)
  Edmund (D:6)
  3 acid dragons
  9 water moccasins
  2 hell hounds (Volcano)
  2 ice beasts (D:6)
  7 orc warriors
  A black bear (D:7)
  7 ogres
  8 wolves
  5 centaurs
  A lemure (D:9)
  2 phantoms
  3 kobold brigands (D:10)
  Blork the orc (D:6)
  2 necrophages (D:5)
  8 bullfrogs
  A gnoll sergeant (D:9)
  4 scorpions
  11 wights
  3 killer bees (D:11)
  2 howler monkeys
  An electric eel (Lair:4)
  8 orc priests
  A jelly (D:8)
  3 hounds
  5 gnoll boudas
  An iguana (D:6)
  14 orc wizards
  22 gnolls
  8 adders
  A shadow imp (D:6)
  2 ufetubi
  39 orcs
  8 ball pythons
  5 endoplasms
  5 giant cockroaches
  6 goblins
  7 hobgoblins
  11 jackals
  9 kobolds
  5 quokkas
  7 bats
  4 frilled lizards
  6 rats
405 creatures vanquished.

Vanquished Creatures (collateral kills)
  A cyclops (D:11)
  4 yaks (D:11)
  A vampire mosquito (D:11)
  A centaur (D:11)
7 creatures vanquished.

Vanquished Creatures (others)
  A bush (Lair:1)
  17 fungi
  65 plants
83 creatures vanquished.

Grand Total: 495 creatures vanquished

Notes
Turn   | Place    | Note
-------+----------+-------------------------------------------
     0 | D:1      | retardedninja the Minotaur Fighter began the quest for the
                  | Orb.
     0 | D:1      | Reached XP level 1. HP: 19/19 MP: 0/0
   123 | D:1      | Reached XP level 2. HP: 25/27 MP: 1/1
   436 | D:1      | Found a faded altar of an unknown god.
   765 | D:2      | Reached XP level 3. HP: 29/33 MP: 2/2
  1642 | D:3      | Found a hide-covered altar of Uskayaw.
  1679 | D:3      | Reached XP level 4. HP: 41/41 MP: 3/3
  1750 | D:3      | Found the +12 glaive of Prune {vorpal}
  2210 | D:3      | Identified the +7 dagger of Salt {elec, Contam rElec rCorr}
  2296 | D:3      | Reached skill level 5 in Fighting
  2296 | D:3      | Reached XP level 5. HP: 48/48 MP: 4/4
  2407 | D:4      | Reached skill level 5 in Armour
  2548 | D:4      | Found an ancient bone altar of Kikubaaqudgha.
  2845 | D:5      | Entered Level 5 of the Dungeon
  2904 | D:5      | Reached XP level 6. HP: 57/57 MP: 5/5
  2985 | D:5      | Reached skill level 5 in Polearms
  3038 | D:5      | Noticed Grinder
  3043 | D:5      | Reached XP level 7. HP: 23/64 MP: 6/6
  3047 | D:5      | Paralysed by Grinder for 2 turns
  3050 | D:5      | Killed Grinder
  3336 | D:5      | Found a runed translucent gate.
  3337 | D:5      | Found a runed translucent gate.
  3338 | D:5      | Found a runed translucent gate.
  3340 | D:5      | Noticed mikeweasel's ghost (novice DrFE)
  3359 | D:6      | Noticed Sigmund
  3368 | D:6      | Killed Sigmund
  3369 | D:6      | Reached XP level 8. HP: 34/73 MP: 7/7
  3696 | D:6      | Noticed Blork the orc
  3698 | D:6      | Noticed Edmund
  3704 | D:6      | Killed Blork the orc
  3706 | D:6      | Noticed Menkaure
  3887 | D:6      | Killed Menkaure
  3890 | D:6      | Killed Edmund
  4671 | D:7      | Reached XP level 9. HP: 49/82 MP: 8/8
  4874 | D:7      | Identified the +5 dagger of Untruth {distort, rN+ Str+3
                  | Int+4}
  5081 | D:7      | Found a staircase to the Ecumenical Temple.
  5165 | Temple   | Entered the Ecumenical Temple
  6028 | D:8      | Found a bloodstained altar of Trog.
  6033 | D:8      | Noticed Gastronok
  6375 | D:8      | HP: 3/84 [Gastronok/the air (14)]
  6379 | D:8      | Killed Gastronok
  6380 | D:8      | Reached skill level 10 in Fighting
  6380 | D:8      | Reached skill level 10 in Polearms
  6380 | D:8      | Reached skill level 10 in Armour
  6380 | D:8      | Reached XP level 10. HP: 32/94 MP: 9/9
  6855 | D:8      | Found an opulent altar of Gozag.
  6930 | D:8      | Became a worshipper of Gozag Ym Sagoz the Greedy
  7440 | D:9      | Noticed Grum
  7465 | D:9      | Killed Grum
  7666 | D:9      | Found an ornate altar of the Wu Jian Council.
  7695 | D:9      | Noticed Joseph
  7711 | D:9      | Killed Joseph
  7945 | D:9      | Found Nuleira's Magic Scroll Boutique.
  7956 | D:9      | Bought a scroll of enchant armour for 112 gold pieces
  7956 | D:9      | Bought a scroll of summoning for 142 gold pieces
  8179 | D:9      | Found a sparkling altar of Nemelex Xobeh.
  8195 | D:9      | Noticed Pikel
  8204 | D:9      | Killed Pikel
  8355 | D:9      | Found a staircase to the Lair.
  8416 | D:9      | Noticed a two-headed ogre
  8421 | D:9      | Noticed Maurice
  8423 | D:9      | Killed a two-headed ogre
  8430 | D:9      | Killed Maurice
  8769 | D:10     | Entered Level 10 of the Dungeon
  8794 | D:10     | Reached XP level 11. HP: 78/104 MP: 10/10
  9650 | D:10     | Found a staircase to the Orcish Mines.
  9750 | D:10     | Identified the +1 leather armour of Uskayaw's Envy {Stlth+}
 10576 | D:11     | Found a radiant altar of Vehumet.
 11335 | D:11     | Noticed a five-headed hydra
 11343 | D:11     | Killed a ten-headed hydra
 11525 | D:11     | Reached XP level 12. HP: 41/116 MP: 11/11
 11957 | D:11     | Noticed a boulder beetle
 11968 | D:11     | Killed a boulder beetle
 12161 | D:11     | Noticed a death knight
 12168 | D:11     | Killed a death knight
 12270 | D:11     | Noticed a catoblepas
 12274 | D:11     | Killed a catoblepas
 12723 | D:12     | Noticed a two-headed ogre
 12735 | D:12     | Killed a two-headed ogre
 12989 | D:12     | Noticed a five-headed hydra
 12991 | D:12     | Noticed a two-headed ogre
 12992 | D:12     | Noticed Rupert
 13115 | Lair:1   | Entered Level 1 of the Lair of Beasts
 13119 | Lair:1   | Got Verahest's Exposition on the Fiery Snake
 13123 | Lair:1   | Noticed Sonja
 13125 | Lair:1   | Killed Sonja
 13202 | Lair:1   | Found a shimmering blue altar of Sif Muna.
 13370 | Lair:1   | Reached skill level 15 in Fighting
 13378 | Lair:1   | Reached skill level 15 in Armour
 13703 | Lair:1   | Reached skill level 15 in Polearms
 13774 | Lair:1   | Noticed Harold
 13790 | Lair:1   | Killed Harold
 14518 | Lair:1   | Reached XP level 13. HP: 116/127 MP: 12/12
 14976 | Lair:1   | Found a blossoming altar of Fedhas.
 16401 | Lair:2   | Found a runed translucent gate.
 16401 | Lair:2   | Found a runed translucent gate.
 16402 | Lair:2   | Found a runed translucent gate.
 16565 | Lair:2   | Noticed retardedninja's ghost (journeyman DrCj)
 16579 | Lair:2   | Killed retardedninja's ghost
 17185 | Lair:3   | Found a dark tunnel.
 17196 | Volcano  | Entered a volcano
 17724 | Volcano  | Noticed a fire dragon
 17724 | Volcano  | Found the +2 cloak of the Thief {*Fog Slay-2 SInv Stlth+}
 17733 | Volcano  | Killed a fire dragon
 18329 | Lair:3   | Found a staircase to the Snake Pit.
 18418 | Lair:3   | Found a staircase to the Shoals.
 19959 | Lair:5   | Entered Level 5 of the Lair of Beasts
 20132 | Lair:5   | HP: 5/198 [dream sheep (5)]
 20134 | Lair:5   | Killed from afar by a rime drake

Illustrated notes

Levels and vault maps discovered:
D:1:      dpeg_arrival_orchard, layout_loops_ring,
          hellmonk_ecumenical_altar_inner_sanctum
D:2:      layout_loops_ring, minmay_distorted
D:3:      minmay_octagon_keep, layout_basic, overflow_temple_1_default,
          minmay_misc_feat_four_crosses
D:4:      layout_cave_pools, nicolae_kikubaaqudgha_miasma_corner
D:5:      nicolae_BIG_FREAKIN_CUBE, layout_rooms, gammafunk_ghost_necromancy,
          uniq_grinder
D:6:      layout_rooms, uniq_sigmund, uniq_menkaure, uniq_blork_the_orc,
          uniq_edmund
D:7:      layout_basic, minmay_temple_entry_glassed_door
D:8:      layout_basic, mainiacjoe_overflow_catwalk_spiral, uniq_gastronok
D:9:      layout_long_grid, nemelex_diamond_rough_becter,
          mainiacjoe_overflow_brackets, david_lair_shrubbed, serial_shops, shop,
          statue_in_the_mist_lemuel, chequers_serial_rivers_small_a,
          st_stairs_12, uniq_joseph, uniq_grum, uniq_maurice, uniq_pikel
D:10:     kennysheep_seaside_town, layout_irregular_city, david_orc_1_choice,
          grunt_decor_junction, minivault_24
D:11:     minmay_slanted_spiral_squares, layout_loops_ring, vehumet_crystals
D:12:     layout_basic, hangedman_incinerator, uniq_rupert
Temple:   nicolae_temple_bog_church
Lair:1:   layout_misc_corridors, basic_altar, hangedman_tree_tricks,
          serial_bayou_shore_a, grunt_megastairs_1, lemuel_fruit_tree,
          uniq_harold, uniq_sonja
Lair:2:   layout_gridlike, ebering_ghost_rock_garden
Lair:3:   layout_roguey, elwin_shoals_entry_rocks, guppyfry_snake_entry_island,
          nicolae_volcano_entry_hallway
Lair:4:   layout_gridlike, serial_bayou, serial_bayou_ford_a,
          serial_bayou_pond_d, serial_bayou_crossing, serial_bayou_pond_b
Lair:5:   due_jungle_book, layout_gridlike, minmay_slime_entry_pillars,
          gauntlet_entry_generic, serial_bayou_shore_b

Skill      XL: |  1  2  3  4  5  6  7  8  9 10 11 12 13 |
---------------+----------------------------------------+-----
Fighting       | 4 5 6 7 8 10 12 13 15 17 | 17.0
Armour         | 4 5 6 7 8 10 12 13 15 17 | 17.0
Shields        | 4 |  4.1
Polearms       | 3 4 5 6 8 10 11 13 15 16 | 16.8

Action                   |  1- 3 |  4- 6 |  7- 9 | 10-12 | 13-15 || total
-------------------------+-------+-------+-------+-------+-------++-------
Melee: Trident           |    95 |    25 |       |       |       ||   120
       Headbutt          |    10 |     6 |    21 |    47 |    45 ||   129
       Glaive            |       |    50 |   110 |   385 |   230 ||   775
Invok: Potion Petition   |       |       |       |       |     1 ||     1
Evoke: Wand              |       |       |     3 |       |       ||     3
  Use: Potion            |       |     1 |     9 |     7 |     2 ||    19
       Scroll            |       |       |    10 |    14 |     5 ||    29
 Stab: Distracted        |       |       |       |     2 |     1 ||     3
Armor: Scale mail        |    23 |    29 |     1 |       |       ||    53
       Plate armour      |       |       |   116 |   256 |   184 ||   556
Dodge: Dodged            |    37 |    36 |    74 |   133 |    91 ||   371
Block: Buckler           |    15 |     8 |       |       |       ||    23
